 Dungeon Crawl Stone Soup version 0.25-a0-306-g3faca94807 (webtiles) character file.

Game seed: 7163395805874038842, levelgen mode: deterministic

633 MoonlitKnight the Charmwright (level 7, 0/56 HPs)
             Began as a Gnoll Skald on Dec 21, 2019.
             Succumbed to a killer bee's poison
             ... on level 3 of the Dungeon.
             The game lasted 00:08:58 (4322 turns).

MoonlitKnight the Charmwright (Gnoll Skald)         Turns: 4322, Time: 00:08:58

Health: 0/56       AC: 15    Str: 14    XL:     7   Next: 49%
Magic:  15/15      EV:  8    Int: 16    God:
Gold:   132        SH:  0    Dex: 15    Spells: 6/17 levels left

rFire    . . .     SeeInvis .   t - +2 dagger (elec)
rCold    . . .     Gourm    .   (no shield)
rNeg     . . .     Faith    .   r - +3 chain mail
rPois    .         Spirit   .   x - +1 helmet
rElec    .         Reflect  .   (no cloak)
rCorr    .         Harm     .   l - +0 pair of gloves
MR       +....                  (no boots)
Stlth    ..........             (no amulet)
HPRegen  0.18/turn              g - ring of protection from magic
MPRegen  0.14/turn              (no ring)

@: lethally poisoned (0 -> -26)
A: distributed training, fangs 1, strong nose
a: no special abilities


You were on level 3 of the Dungeon.
You were not hungry.

You visited 1 branch of the dungeon, and saw 3 of its levels.

You collected 132 gold pieces.

Inventory:

Hand Weapons
 a - a +0 spear
 t - a +2 dagger of electrocution (weapon)
 w - a +0 hunting sling
Missiles
 z - 4 poisoned darts (quivered)
Armour
 b - a +0 leather armour
 l - a +0 pair of gloves (worn)
 r - a +3 chain mail (worn)
 x - a +1 helmet (worn)
Jewellery
 g - a ring of protection from magic (left hand)
Wands
 m - a wand of acid (20)
 s - a wand of digging (5)
 v - a wand of enslavement (13)
 y - a wand of scattershot (8)
Scrolls
 c - 2 scrolls of immolation {unknown}
 e - a scroll of fog {unknown}
 h - 3 scrolls of remove curse {unknown}
 j - a scroll of amnesia {unknown}
 n - 3 scrolls of teleportation {unknown}
 p - a scroll of noise {unknown}
 q - 2 scrolls of fear {unknown}
Potions
 f - a potion of degeneration {unknown}
 i - 2 potions of heal wounds {unknown}
 k - a potion of magic {unknown}
 o - a potion of resistance {unknown}
Comestibles
 d - 2 rations
 u - 5 chunks of flesh


   Skills:
 + Level 5.2 Fighting
 + Level 2.5 Short Blades
 + Level 2.5 Long Blades
 + Level 2.5 Axes
 + Level 2.5 Maces & Flails
 + Level 5.2 Polearms
 + Level 2.5 Staves
 + Level 2.5 Slings
 + Level 2.5 Bows
 + Level 2.5 Crossbows
 + Level 2.5 Throwing
 + Level 3.6 Armour
 + Level 5.2 Dodging
 + Level 2.5 Stealth
 + Level 2.5 Shields
 + Level 2.5 Unarmed Combat
 + Level 5.6 Spellcasting
 + Level 2.0 Conjurations
 + Level 2.0 Hexes
 + Level 5.8 Charms
 + Level 2.0 Summonings
 + Level 2.0 Necromancy
 + Level 2.0 Translocations
 + Level 2.0 Transmutations
 + Level 2.0 Fire Magic
 + Level 2.0 Ice Magic
 + Level 2.0 Air Magic
 + Level 2.0 Earth Magic
 + Level 2.0 Poison Magic
 + Level 2.7 Invocations
 + Level 2.5 Evocations


You had 6 spell levels left.
You knew the following spells:

 Your Spells              Type           Power        Failure   Level  Hunger
a - Spectral Weapon       Hex/Chrm       ###.....     89%         3    ##.....
b - Shroud of Golubria    Chrm/Tloc      ###...       69%         2    #......
c - Regeneration          Chrm/Necr      ###.......   89%         3    ##.....
d - Infusion              Chrm           ###.         30%         1    None
e - Song of Slaying       Chrm           ###.....     41%         2    #......

Your spell library contained the following spells:

 Spells                   Type           Power        Failure   Level  Hunger
 Animate Skeleton         Necr           N/A          82%         1    None
 Apportation              Tloc           ##....       82%         1    None
 Confusing Touch          Hex            ##....       82%         1    None
 Summon Small Mammal      Summ           ##..         82%         1    None
 Confuse                  Hex            ##......     99%         3    ##.....
 Gell's Gravitas          Tloc           ##........   99%         3    ##.....
 Petrify                  Tmut/Erth      ##......     100%        4    ####...
 Metabolic Englaciation   Hex/Ice        ##........   100%        5    ######.
 Yara's Violent Unravell  Hex/Tmut       ##........   100%        5    ######.


Dungeon Overview and Level Annotations

Branches:
Dungeon (3/15)

Altars:
Gozag


Innate Abilities, Weirdness & Mutations

Your experience applies equally to all skills.
You have very sharp teeth.
Your uncanny sense of smell can sniff out nearby items.


Message History

The killer bee poisons you!
The killer bee stings you but does no damage.
You closely miss the killer bee.
The killer bee is lightly wounded.
* * * LOW HITPOINT WARNING * * *
You feel sick. The killer bee stings you.
* * * LOW HITPOINT WARNING * * *
You are more poisoned.
The killer bee poisons you!
The killer bee stings you but does no damage.
* * * LOW HITPOINT WARNING * * *
You feel sick.
* * * LOW HITPOINT WARNING * * *
You feel sick. The killer bee stings you.
* * * LOW HITPOINT WARNING * * *
You are more poisoned.
The killer bee poisons you! The killer bee barely misses you.
* * * LOW HITPOINT WARNING * * *
You feel very sick.
You die...

.........# .# .. ##..####.#
.##.##. ##..# ##.## ##.......
....# #...# #.....# ##.## #...#
#.# ##.#
#...#########†############
.<.####..........##.##.........#
###.................##.........#
(.............>.@#y.##..)......#
###...........#...y.##.........#
# ###.#....##(#.[..........<...#
# #.#.........##..############ #
#.#....##.......# #
#.#..).#######.## ### #### #
#.##.#)# ####.### ##.## #...
#......# #......###.#.###...
##.....## #.##.#.##÷###.##.##


You could see a killer bee.

Vanquished Creatures
  Grinder (D:3)
  An ogre (D:3)
  3 killer bees (D:3)
  Robin (D:3)
  8 gnolls
  3 adders (D:2)
  4 worms
  3 dart slugs
  An orc (D:3)
  A ball python (D:1)
  4 giant cockroaches
  20 goblins
  12 hobgoblins
  3 jackals (D:3)
  12 kobolds
  7 bats
  3 frilled lizards
  6 rats
93 creatures vanquished.

Notes
Turn   | Place    | Note
-------+----------+-------------------------------------------
     0 | D:1      | MoonlitKnight the Gnoll Skald began the quest for the Orb.
     0 | D:1      | Reached XP level 1. HP: 20/20 MP: 6/6
   378 | D:1      | Reached XP level 2. HP: 26/26 MP: 7/7
   475 | D:1      | Learned a level 2 spell: Shroud of Golubria
   862 | D:1      | Reached skill level 5 in Spellcasting
   862 | D:1      | Reached XP level 3. HP: 10/31 MP: 7/9
  1069 | D:1      | Learned a level 3 spell: Spectral Weapon
  1073 | D:1      | Learned a level 3 spell: Regeneration
  1076 | D:1      | Learned a level 2 spell: Song of Slaying
  1707 | D:2      | Reached skill level 1 in Invocations
  1886 | D:2      | Found an opulent altar of Gozag.
  1939 | D:2      | Reached skill level 1 in Short Blades
  1939 | D:2      | Reached skill level 1 in Long Blades
  1939 | D:2      | Reached skill level 1 in Axes
  1939 | D:2      | Reached skill level 1 in Maces & Flails
  1939 | D:2      | Reached skill level 1 in Staves
  1939 | D:2      | Reached skill level 1 in Slings
  1939 | D:2      | Reached skill level 1 in Bows
  1939 | D:2      | Reached skill level 1 in Crossbows
  1939 | D:2      | Reached skill level 1 in Throwing
  1939 | D:2      | Reached skill level 1 in Stealth
  1939 | D:2      | Reached skill level 1 in Shields
  1939 | D:2      | Reached skill level 1 in Unarmed Combat
  1939 | D:2      | Reached skill level 1 in Evocations
  1991 | D:2      | Reached XP level 4. HP: 38/38 MP: 7/11
  2317 | D:3      | Noticed Grinder
  2333 | D:3      | Paralysed by Grinder for 2 turns
  2466 | D:3      | Paralysed by Grinder for 6 turns
  2476 | D:3      | Killed Grinder
  2476 | D:3      | Reached skill level 1 in Conjurations
  2476 | D:3      | Reached skill level 1 in Hexes
  2476 | D:3      | Reached skill level 1 in Summonings
  2476 | D:3      | Reached skill level 1 in Necromancy
  2476 | D:3      | Reached skill level 1 in Translocations
  2476 | D:3      | Reached skill level 1 in Transmutations
  2476 | D:3      | Reached skill level 1 in Fire Magic
  2476 | D:3      | Reached skill level 1 in Ice Magic
  2476 | D:3      | Reached skill level 1 in Air Magic
  2476 | D:3      | Reached skill level 1 in Earth Magic
  2476 | D:3      | Reached skill level 1 in Poison Magic
  2476 | D:3      | Reached XP level 5. HP: 3/43 MP: 12/12
  2476 | D:3      | Reached XP level 6. HP: 4/50 MP: 14/14
  2801 | D:3      | Reached skill level 5 in Fighting
  2801 | D:3      | Reached skill level 5 in Polearms
  2801 | D:3      | Reached skill level 5 in Dodging
  3471 | D:3      | Reached XP level 7. HP: 42/56 MP: 15/15
  4004 | D:3      | Noticed Robin
  4012 | D:3      | Killed Robin
  4321 | D:3      | HP: 2/56 [poisoned by a killer bee]
  4322 | D:3      | Succumbed to a killer bee's poison

Levels and vault maps discovered:
D:1:      dpeg_arrival_signposts, layout_loops_corners
D:2:      layout_basic, grunt_gozag_statues, first_ration
D:3:      kennysheep_goblin_castle, layout_loops_cross, amethyst_killhole,
          uniq_grinder

Skill      XL: |  1  2  3  4  5  6  7 |
---------------+----------------------+-----
Spellcasting   | 5 |  5.6
Invocations    | 1 2 |  2.7
Short Blades   | 1 2 |  2.5
Long Blades    | 1 2 |  2.5
Axes           | 1 2 |  2.5
Maces & Flails | 1 2 |  2.5
Staves         | 1 2 |  2.5
Slings         | 1 2 |  2.5
Bows           | 1 2 |  2.5
Crossbows      | 1 2 |  2.5
Throwing       | 1 2 |  2.5
Stealth        | 1 2 |  2.5
Shields        | 1 2 |  2.5
Unarmed Combat | 1 2 |  2.5
Evocations     | 1 2 |  2.5
Armour         | 3 |  3.6
Conjurations   | 1 2 |  2.0
Hexes          | 1 2 |  2.0
Summonings     | 1 2 |  2.0
Necromancy     | 1 2 |  2.0
Translocations | 1 2 |  2.0
Transmutations | 1 2 |  2.0
Fire Magic     | 1 2 |  2.0
Ice Magic      | 1 2 |  2.0
Air Magic      | 1 2 |  2.0
Earth Magic    | 1 2 |  2.0
Poison Magic   | 1 2 |  2.0
Fighting       | 5 |  5.2
Polearms       | 5 |  5.2
Dodging        | 5 |  5.2
Charms         | |  5.8

Action                   |  1- 3 |  4- 6 |  7- 9 || total
-------------------------+-------+-------+-------++-------
Melee: Spear             |   105 |   170 |    34 ||   309
       Bite              |     6 |    18 |    12 ||    36
       Dagger            |       |       |    99 ||    99
       Punch             |       |       |     1 ||     1
 Cast: Spectral Weapon   |     3 |     2 |       ||     5
 Stab: Sleeping          |     6 |       |       ||     6
       Distracted        |     1 |       |       ||     1
  Eat: Chunk             |     1 |     4 |     3 ||     8
       Ration            |     1 |       |       ||     1
Armor: Leather armour    |     5 |     4 |       ||     9
       Chain mail        |       |    71 |    70 ||   141
Dodge: Dodged            |    42 |    70 |    40 ||   152

Table legend:
 A = Non-vault XP
 B = Vault XP
 C = Vault XP percentage of total XP
 D = Non-vault monster count
 E = Vault monster count
 F = Vault count percentage of total count
                 A         B        C        D         E       F
            +---------+---------+-------+---------+---------+-------
      Total |     563 |     342 |  37.8 |      71 |      22 |  23.7
            +---------+---------+-------+---------+---------+-------
        D:1 |      51 |       0 |   0.0 |      21 |       0 |   0.0
        D:2 |      68 |       0 |   0.0 |      18 |       0 |   0.0
        D:3 |     444 |     342 |  43.5 |      32 |      22 |  40.7
            +---------+---------+-------+---------+---------+-------
